Map: Ulrena

Players

zidar

  • Race: Zerg Zerg
  • League: Gold
  • Spawn Location: 11:00

uHLi - Winner!

  • Race: Terran Terran
  • League: Silver
  • Spawn Location: 7:00

VOD

Have the link to the VOD?

Description

Time

  • Played on: June 11, 2016, 12:55 p.m.
  • Length: 5:25
Show
View Real Time Build Order
Export as new Build Order

zidar Zerg 

Build Orders: Pool First 

Get SALT Encoding   

  12  0:02  Drone  
  13  0:12  Overlord  
  13  0:17  Drone  
  14  0:30  Drone x2  
  14  0:34  Drone  
  17  0:48  Spawning Pool  
  16  0:50  Drone  
  17  1:15  Hatchery  
  17  1:17  Drone  
  17  1:20  Extractor  
  17  1:22  Drone  
  17  1:32  Drone  
  18  1:36  Queen  
  20  1:45  Overlord  
  20  1:48  Drone  
  21  1:57  Drone  
  22  2:03  Drone  
  23  2:12  Queen  
  24  2:22  Zergling x2  
  25  2:23  Metabolic Boost  
  25  2:39  Zergling x2  
  25  2:40  Zergling x4  
  28  3:15  Drone x7  
  35  3:24  Baneling Nest  
  33  3:43  Extractor, Pneumatized Carapace  
  32  4:00  Lair  
  32  4:40  Evolution Chamber  
  32  4:41  Evolution Chamber  
  30  4:47  Extractor  
  30  4:48  Queen  
  30  4:49  Extractor  
  30  4:50  Overlord  
  30  4:51  Overlord x3  
  30  4:53  Hatchery  
  26  5:00  Zergling x20  
Show
View Real Time Build Order
Export as new Build Order

uHLi Terran - Winner!

Build Orders:  

Get SALT Encoding   

  12  0:01  SCV  
  13  0:13  SCV  
  14  0:18  Supply Depot  
  14  0:25  SCV  
  15  0:41  Barracks  
  15  0:43  SCV  
  15  0:45  Refinery  
  16  0:55  SCV  
  17  1:08  SCV  
  18  1:20  SCV  
  20  1:34  Orbital Command  
  20  1:35  Reaper  
  20  1:43  Command Center  
  20  1:59  SCV  
  21  2:10  Barracks Reactor  
  21  2:17  SCV  
  22  2:25  Supply Depot  
  22  2:29  SCV  
  23  2:30  Factory  
  23  2:46  SCV  
  23  2:47  Marine x2  
  26  2:58  SCV  
  26  3:02  Orbital Command  
  27  3:05  Supply Depot  
  27  3:06  Marine  
  27  3:07  Marine  
  27  3:09  Refinery  
  27  3:10  SCV  
  30  3:14  Barracks  
  30  3:16  Hellion  
  32  3:23  SCV  
  33  3:35  SCV x2  
  35  3:47  SCV x2, Hellion x2, Barracks Reactor  
  41  3:51  Starport  
  41  4:07  SCV x2  
  41  4:08  Hellion  
  41  4:09  Supply Depot  
  47  4:10  Hellion  
  47  4:19  SCV  
  47  4:21  Barracks Reactor  
  47  4:22  Armory, Barracks Tech Lab  
  48  4:29  SCV  
  48  4:30  Hellion  
  53  4:31  Hellion  
  53  4:39  SCV  
  53  4:41  Marine x2, SCV  
  60  4:46  Barracks, Supply Depot  
  60  5:03  SCV x2  
  60  5:05  Armory  
  62  5:07  Refinery  
  62  5:08  Refinery  
Tags
 
Matchup
TvZ
Opening
Pool First
Spawn Locations
Close Positions
Add a new tag
Caveats
  • Supply blocks, unpowered buildings, or Contaminate may cause inaccurate times.
  • Supply counts are checked every 10 seconds.